 Dungeon Crawl Stone Soup version 0.23.2-30-g0e89c35649 (webtiles) character file.

Game seed: 8010990844885068579

14499 LLlMATKO the Fighter (level 11, -3/160 HPs)
             Began as a Minotaur Berserker on June 18, 2019.
             Was a High Priest of Trog.
             Slain by a 15-headed hydra (10 damage)
             ... on level 11 of the Dungeon.
             The game lasted 00:26:02 (12151 turns).

LLlMATKO the Fighter (Minotaur Berserker)          Turns: 12151, Time: 00:26:04

Health: -3/160     AC: 18    Str: 31    XL:     11   Next: 89%
Magic:  10/10      EV:  8    Int:  4    God:    Trog [*****.]
Gold:   549        SH:  8    Dex:  9    Spells: 10/10 levels left

rFire    . . .     SeeInvis +   B - +3 hand axe
rCold    . . .     Gourm    .   F - +0 shield
rNeg     . . .     Faith    +   s - +3 scale mail {rPois}
rPois    +         Spirit   .   (helmet restricted)
rElec    .         Reflect  .   (no cloak)
rCorr    .         Harm     .   M - +1 pair of gloves
MR       .....                  x - +2 pair of boots
Stlth    ..........             E - amulet of faith
HPRegen  0.36/turn              v - ring of see invisible
MPRegen  0.12/turn              (no ring)

@: berserking, very quick
A: retaliatory headbutt, horns 2
a: Berserk, Trog's Hand, Brothers in Arms, Renounce Religion


You were on level 11 of the Dungeon.
You worshipped Trog.
Trog was extremely pleased with you.
You were not hungry.

You visited 1 branch of the dungeon, and saw 11 of its levels.

You collected 549 gold pieces.

Inventory:

Hand Weapons
 B - a +3 hand axe (weapon)
Missiles
 u - 11 tomahawks (quivered)
 G - 2 exploding tomahawks
Armour
 s - a +3 scale mail of poison resistance (worn)
 x - a +2 pair of boots (worn)
 F - a +0 shield (worn)
 H - a +0 plate armour
 M - a +1 pair of gloves (worn)
Jewellery
 v - a ring of see invisible (left hand)
 E - an amulet of faith (around neck)
Wands
 a - a wand of acid (11)
 p - a wand of enslavement (22)
 w - a wand of random effects (18)
 y - a wand of flame (34)
Scrolls
 e - 2 scrolls of blinking {unknown}
 f - a scroll of immolation {unknown}
 g - 2 scrolls of fog {unknown}
 i - 10 scrolls of identify {unknown}
 k - 3 scrolls of fear {unknown}
 l - 5 scrolls of teleportation {unknown}
 m - 2 scrolls of enchant armour {unknown}
 r - 8 scrolls of remove curse {unknown}
 t - 4 scrolls of amnesia {unknown}
 A - 2 scrolls of noise {unknown}
 D - a scroll of enchant weapon {unknown}
 L - a scroll of random uselessness {unknown}
Potions
 b - 3 potions of lignification {unknown}
 h - a potion of brilliance {unknown}
 j - 4 potions of curing {unknown}
 n - 2 potions of flight {unknown}
 o - 5 potions of heal wounds {unknown}
 q - 2 potions of degeneration {unknown}
 C - a potion of berserk rage {unknown}
 J - a potion of haste {unknown}
Comestibles
 c - 23 rations


   Skills:
 + Level 13.4 Fighting
 + Level 13.4 Axes
 + Level 13.2 Armour
 - Level 2.1 Dodging


You had 10 spell levels left.
You didn't know any spells.
Your spell library was empty.

Dungeon Overview and Level Annotations

Branches:
Dungeon (11/15)            Temple (0/1) D:5            Lair (0/6) D:10
    Orc: D:9-12

Altars:
Ashenzari
Elyvilon
Fedhas
Gozag
Kikubaaqudgha
Makhleb
Okawaru
Qazlal
Ru
Sif Muna
Trog
Uskayaw
Vehumet
Yredelemnul

Shops:
D:8 *!   D:11 *


Innate Abilities, Weirdness & Mutations

You reflexively headbutt those who attack you in melee.
You have a pair of horns on your head.


Message History

You slice one of the 14-headed hydra's heads off!
The 13-headed hydra grows two more!
You slash the 15-headed hydra!
The 15-headed hydra is heavily wounded.
The 15-headed hydra bites you!
* * * LOW HITPOINT WARNING * * *
The 15-headed hydra bites you.
* * * LOW HITPOINT WARNING * * *
The 15-headed hydra bites you but does no damage. x3
The 15-headed hydra completely misses you.
The 15-headed hydra bites you!
* * * LOW HITPOINT WARNING * * *
The 15-headed hydra bites you.
* * * LOW HITPOINT WARNING * * *
The 15-headed hydra bites you.
* * * LOW HITPOINT WARNING * * *
The 15-headed hydra bites you but does no damage.
The 15-headed hydra closely misses you.
The 15-headed hydra bites you but does no damage.
The 15-headed hydra bites you!
You die...

######.############
....................
....................
....................
....................
....................
................... +###
...............#######...#
.###########...#@D.).....# .#
....... #...####).....# .#
....... #......#......## .#
.......##..)...'........
>####......†......#........
....#....#'#......###'##'###
....#....'∩'.................
....##'###'#.#####(..........
.............# #(..........


You could see a 15-headed hydra.

Vanquished Creatures
  A two-headed ogre (D:8)
  Urug (D:11)
  An unseen horror (D:10)
  A cyclops (D:11)
  3 ugly things
  An efreet (D:11)
  A troll (D:11)
  A hippogriff (D:9)
  A spriggan (D:7)
  A water elemental (D:11)
  A wraith (D:11)
  A shadow (D:11)
  2 wyverns
  24 yaks
  A hungry ghost (D:8)
  5 orc warriors
  An ice beast (D:8)
  2 sky beasts
  An eye of draining (D:8)
  A black bear (D:10)
  A hornet zombie (D:11)
  4 phantoms
  4 ogres
  A crocodile (D:7)
  8 centaurs
  13 bullfrogs
  A wyvern zombie (D:10)
  8 scorpions
  5 killer bees (D:10)
  3 electric eels (D:10)
  4 howler monkeys
  2 crimson imps
  2 hounds
  A quasit (D:8)
  2 bullfrog zombies (D:10)
  3 jellies
  6 orc priests
  A gnoll shaman (D:4)
  2 centaur skeletons
  3 iron imps (D:5)
  A bullfrog skeleton (D:6)
  14 orc wizards
  4 iguanas
  Terence (D:2)
  8 worker ants
  A hound zombie (D:8)
  2 hound skeletons
  A howler monkey zombie (D:9)
  A worker ant zombie (D:5)
  11 adders
  5 gnolls (D:4)
  2 shadow imps
  An ooze (D:7)
  An adder skeleton (D:8)
  An adder zombie (D:8)
  2 worms
  2 dart slugs
  5 leopard geckos
  41 orcs
  2 bats (D:1)
  3 giant cockroaches
  8 goblins
  7 hobgoblins
  17 jackals
  3 kobolds
  7 quokkas
  6 frilled lizards
  A jackal skeleton (D:6)
  A leopard gecko skeleton (D:8)
  A leopard gecko zombie (D:5)
  A quokka skeleton (D:4)
  11 rats
297 creatures vanquished.

Notes
Turn   | Place    | Note
-------+----------+-------------------------------------------
     0 | D:1      | LLlMATKO the Minotaur Berserker began the quest for the
                  | Orb.
     0 | D:1      | Reached XP level 1. HP: 19/19 MP: 0/0
    45 | D:1      | Reached XP level 2. HP: 14/27 MP: 1/1
   542 | D:1      | Reached ** piety under Trog
   931 | D:2      | Reached XP level 3. HP: 16/33 MP: 2/2
  1209 | D:2      | Found a faded altar of an unknown god.
  1321 | D:2      | Found a radiant altar of Vehumet.
  1510 | D:2      | Noticed Terence
  1520 | D:2      | Killed Terence
  1520 | D:2      | Reached XP level 4. HP: 39/41 MP: 3/3
  1971 | D:2      | Found an iron altar of Okawaru.
  1972 | D:2      | Found a sacrificial altar of Ru.
  2237 | D:3      | Found an opulent altar of Gozag.
  2452 | D:3      | Found a deep blue altar of Sif Muna.
  2657 | D:3      | Found a shattered altar of Ashenzari.
  2815 | D:4      | Reached skill level 5 in Fighting
  2815 | D:4      | Reached skill level 5 in Axes
  2815 | D:4      | Reached XP level 5. HP: 35/48 MP: 4/4
  2911 | D:4      | Noticed a phantom
  2930 | D:4      | Killed a phantom
  2946 | D:4      | Reached XP level 6. HP: 56/56 MP: 5/5
  2951 | D:4      | Reached skill level 5 in Armour
  2969 | D:4      | Reached *** piety under Trog
  3082 | D:4      | Reached XP level 7. HP: 64/64 MP: 6/6
  3116 | D:4      | Found a white marble altar of Elyvilon.
  3677 | D:5      | Entered Level 5 of the Dungeon
  3787 | D:5      | Found a staircase to the Ecumenical Temple.
  4305 | D:5      | Found a burning altar of Makhleb.
  4332 | D:5      | Reached XP level 8. HP: 73/73 MP: 7/7
  4597 | D:5      | Found a bloodstained altar of Trog.
  4622 | D:5      | Reached **** piety under Trog
  6018 | D:7      | Reached XP level 9. HP: 77/82 MP: 8/8
  6482 | D:7      | Found a stormy altar of Qazlal.
  6500 | D:7      | Found a blossoming altar of Fedhas.
  6502 | D:7      | Found an ancient bone altar of Kikubaaqudgha.
  6681 | D:6      | Found a burning altar of Makhleb.
  6963 | D:8      | Found Miom's Merry Market.
  7039 | D:8      | Noticed a two-headed ogre
  7048 | D:8      | Killed a two-headed ogre
  7048 | D:8      | Reached ***** piety under Trog
  7048 | D:8      | Reached skill level 10 in Fighting
  7048 | D:8      | Reached skill level 10 in Axes
  7048 | D:8      | Reached skill level 10 in Armour
  7348 | D:8      | Reached XP level 10. HP: 94/94 MP: 9/9
  7707 | D:8      | Found Zeyfuoh's Distillery.
  7833 | D:9      | Found a hide-covered altar of Uskayaw.
  8539 | D:9      | Found a basalt altar of Yredelemnul.
  8725 | D:10     | Entered Level 10 of the Dungeon
  9380 | D:10     | Noticed a brown ugly thing
  9396 | D:10     | Received a gift from Trog
  9405 | D:10     | Killed a brown ugly thing
  9408 | D:10     | Reached XP level 11. HP: 87/104 MP: 10/10
 10034 | D:10     | Noticed an unseen horror
 10055 | D:10     | Killed an unseen horror
 10608 | D:10     | Found a staircase to the Lair.
 11110 | D:11     | Noticed a brown ugly thing
 11127 | D:10     | Killed a brown ugly thing
 11855 | D:11     | Found Beikaz's Assorted Antiques.
 11876 | D:11     | Noticed a purple ugly thing
 11890 | D:11     | Killed a purple ugly thing
 12049 | D:11     | Noticed Urug
 12092 | D:11     | Killed Urug
 12141 | D:11     | Noticed an eight-headed hydra
 12151 | D:11     | HP: 8/160 [15-headed hydra (1)]
 12151 | D:11     | Slain by a 15-headed hydra

Skill      XL: |  1  2  3  4  5  6  7  8  9 10 11 |
---------------+----------------------------------+-----
Fighting       | 4 5 6 7 8 10 12 13 | 13.4
Axes           | 4 5 6 7 8 10 12 13 | 13.4
Armour         | 3 4 5 6 8 10 11 13 | 13.2
Dodging        | |  2.1

Action                   |  1- 3 |  4- 6 |  7- 9 | 10-12 || total
-------------------------+-------+-------+-------+-------++-------
Melee: Hand axe          |    60 |   101 |   236 |   469 ||   866
       Headbutt          |     6 |    13 |    75 |   121 ||   215
       War axe           |       |       |   123 |       ||   123
Throw: Stone             |    15 |     7 |     9 |    10 ||    41
       Tomahawk          |       |       |       |     7 ||     7
Invok: Berserk           |     2 |     2 |     3 |     6 ||    13
  Eat: Chunk             |     3 |     7 |    19 |    17 ||    46
       Ration            |       |       |       |     1 ||     1
Armor: Animal skin       |     7 |       |       |       ||     7
       Scale mail        |       |    41 |   115 |   192 ||   348
Dodge: Dodged            |    28 |    51 |   148 |   130 ||   357
Block: Shield            |       |       |       |   120 ||   120
